 Dungeon Crawl Stone Soup version 0.29-a0-72-g1732ff48e7 (webtiles) character file.

Game seed: 2273845422012794733

5287 lunkers the Geomancer (level 10, -2/70 HPs)
             Began as a Formicid Earth Elementalist on Feb 3, 2022.
             Was a Believer of Vehumet.
             Slain by a wolf (3 damage)
             ... led by Grum
             ... on level 8 of the Dungeon.
             The game lasted 00:10:44 (11345 turns).

lunkers the Geomancer (FoEE)                       Turns: 11345, Time: 00:10:45

Health: -2/70      AC:  6    Str: 14    XL:     10   Next: 94%
Magic:  7/20       EV: 12    Int: 18    God:    Vehumet [**....]
Gold:   518        SH:  0    Dex: 11    Spells: 17/23 levels left

rFire   + . .      SeeInvis +   s - staff of earth
rCold   . . .      Faith    .   (no shield)
rNeg    . . .      Spirit   .   b - +0 robe
rPois   .          Reflect  .   (helmet unavailable)
rElec   .          Harm     .   u - +1 cloak
rCorr   .          Rampage  .   n - +1 pair of gloves
Will    +....                   (no boots)
Stlth   ++........              (no amulet)
HPRegen 0.21/turn               B - ring of protection from fire
MPRegen 0.17/turn               (no ring)

@: no status effects
A: permanent stasis, dig shafts and tunnels, antennae 3, four strong arms
a: Dig, Shaft Self, Renounce Religion


You were on level 8 of the Dungeon.
You worshipped Vehumet.
Vehumet was pleased with you.
You visited 2 branches of the dungeon, and saw 10 of its levels.

You collected 518 gold pieces.

Inventory:

Hand Weapons
 r - a +3 dagger of protection
 y - a +6 flail of protection
Missiles
 c - 183 stones
Armour
 b - a +0 robe (worn)
 n - a +1 pair of gloves (worn)
 u - a +1 cloak (worn)
Magical Staves
 s - a staff of earth (weapon)
Jewellery
 B - a ring of protection from fire (left hand)
Wands
 d - a wand of iceblast (10)
 e - a wand of digging (2)
 j - a wand of paralysis (13)
 m - a wand of flame (20)
Scrolls
 f - a scroll of summoning
 h - a scroll of immolation
 l - 2 scrolls of fog
 t - a scroll of magic mapping
 x - a scroll of enchant armour
 C - a scroll of holy word
Potions
 a - 2 potions of lignification
 g - a potion of heal wounds
 i - 3 potions of curing
 k - 2 potions of might {unknown}
 o - a potion of cancellation {unknown}
 p - a potion of magic
 q - 3 potions of brilliance
 v - 2 potions of haste {unknown}
 w - 3 potions of invisibility {unknown}
 z - a potion of flight {unknown}
 A - 2 potions of resistance {unknown}
 D - a potion of attraction {unknown}


   Skills:
 + Level 3.6 Fighting
 + Level 3.6 Dodging
 - Level 2.4 Stealth
 + Level 7.0 Spellcasting
 * Level 8.3 Conjurations
 - Level 1.1 Transmutations
 * Level 11.7 Earth Magic


You had 17 spell levels left.
You knew the following spells:

 Your Spells              Type           Power      Damage    Failure   Level
a - Stone Arrow           Conj/Erth      100%       3d13      1%          3
b - Passwall              Tmut/Erth      36%        N/A       1%          2
c - Sandblast             Erth           100%       2d20      1%          1

Your spell library contained the following spells:

 Spells                   Type           Power      Damage    Failure   Level
 Conjure Flame            Conj/Fire      21%        6-21      6%          3
 Foxfire                  Conj/Fire      84%        2x1d8     1%          1
 Shock                    Conj/Air       84%        1d8       1%          1
 Petrify                  Tmut/Erth      44%        N/A       8%          4
 Animate Skeleton         Necr           12%        N/A       11%         1
 Pain                     Necr           24%        1d5       11%         1
 Wereblood                Tmut           10%        N/A       11%         2
 Mephitic Cloud           Conj/Pois/Air  16%        N/A       11%         3
 Sublimation of Blood     Necr           6%         N/A       16%         2
 Flame Wave               Conj/Fire      21%        2d7       21%         4
 Borgnjor's Vile Clutch   Necr/Erth      20%        N/A       26%         5
 Ignite Poison            Fire/Tmut/Pois 7%         N/A       28%         3
 Inner Flame              Hex/Fire       6%         N/A       32%         3
 Ozocubu's Armour         Ice            6%         N/A       32%         3
 Vampiric Draining        Necr           6%         2d6       32%         3
 Freezing Cloud           Conj/Ice/Air   8%         6-21      67%         5
 Airstrike                Air            3%         N/A       71%         4
 Animate Dead             Necr           3%         N/A       71%         4
 Metabolic Englaciation   Hex/Ice        3%         N/A       96%         5
 Death Channel            Necr           3%         N/A       100%        6
 Simulacrum               Ice/Necr       3%         N/A       100%        6
 Summon Hydra             Summ           3%         N/A       100%        7
 Swiftness                Air            Unusable   N/A       N/A         3

Dungeon Overview and Level Annotations

Branches:
Dungeon (9/15)             Temple (1/1) D:5
   Lair: D:8-11         Orc: D:9-12

Altars:
Ashenzari
Cheibriados
Dithmenos
Elyvilon
Fedhas
Gozag
Hepliaklqana
Kikubaaqudgha
Nemelex Xobeh
Okawaru
Qazlal
Ru
Trog
Uskayaw
Vehumet
Wu Jian
Xom
Yredelemnul
Zin

Shops:
D:3 ?[=((   D:6 :

Annotations:
D:9 Grum


Innate Abilities, Weirdness & Mutations

You cannot be hasted, slowed, berserked, paralysed or teleported.
You can dig through walls and to a lower floor.
You have a pair of large antennae on your head. (SInv)
Your four strong arms can wield two-handed weapons with a shield.


Message History

The wolf closely misses you. x2
Grum hits you from afar with a +0 spear!
Casting: Stone Arrow (safe; 1% risk of failure)
Confirm with . or Enter, or press ? or * to list all spells.
You feel a surge of power!
The stone arrow misses the wolf.
The wolf misses you. The wolf bites you. The wolf barely misses you. x2
Grum hits you from afar with a +0 spear!!
* * * LOW HITPOINT WARNING * * *
The wolf bites you but does no damage. The wolf bites you.
* * * LOW HITPOINT WARNING * * *
The wolf bites you!
* * * LOW HITPOINT WARNING * * *
There is a stone staircase leading up here.
The wolf barely misses you. The wolf bites you.
* * * LOW HITPOINT WARNING * * *
The wolf misses you. The wolf bites you but does no damage.
Grum hits you from afar with a +0 spear!
* * * LOW HITPOINT WARNING * * *
You climb upwards.
There is a stone staircase leading down here.
Casting: Stone Arrow (safe; 1% risk of failure)
Confirm with . or Enter, or press ? or * to list all spells.
Aiming: Sandblast (safe; 1% risk of failure)
Press: ? - help, Shift-Dir - straight line, f - wolf
Aim: a wolf (severely wounded, 73% to hit)
You feel a surge of power!
The blast of sand hits the wolf.
The wolf is almost dead.
The wolf bites you.
* * * LOW HITPOINT WARNING * * *
The wolf bites you.
* * * LOW HITPOINT WARNING * * *
The wolf bites you but does no damage.
Casting: Sandblast (safe; 1% risk of failure)
Confirm with . or Enter, or press ? or * to list all spells.
Aiming: Sandblast (safe; 1% risk of failure)
Press: ? - help, Shift-Dir - straight line, f/p - wolf
Aim: a wolf (almost dead, 73% to hit)
You feel a surge of power!
The blast of sand misses the wolf.
The wolf bites you.
You die...

#......# #....# #......#
#..#..
#..)...#######.#.#.
#......#....##..#..
#......'.....##....
#......#.....#.....
##.#####....#..#...
#h#####...#....#..
#@.(.....#......#.
#h#######.........
#......###########
#.####.# #.. #.#....#
####..
#######.#....######.....
#.......#....#....#.....
#.#####.####'#....#.....
#.# ###.##........#.....


You could see 2 wolves.

Vanquished Creatures
  Pikel (D:4)
  Psyche (D:8)
  2 hornets
  Sigmund (D:2)
  Menkaure (D:4)
  Edmund (D:4)
  An acid dragon (D:8)
  4 water moccasins
  2 ice beasts (D:6)
  6 orc warriors
  3 sky beasts
  An ogre (D:6)
  A centaur (D:7)
  A phantom (D:5)
  2 kobold brigands (D:7)
  Blork the orc (D:4)
  2 bullfrogs (D:7)
  A gnoll sergeant (D:8)
  7 scorpions
  A wyvern skeleton (D:7)
  A killer bee (D:7)
  2 howler monkeys
  A wight (D:7)
  Crazy Yiuf (D:3)
  2 orc priests
  3 bullfrog skeletons
  A hound (D:5)
  2 jellies (D:7)
  2 centaur skeletons
  Ijyb (D:3)
  9 orc wizards
  A killer bee zombie (D:4)
  A howler monkey zombie (D:8)
  9 gnolls
  A howler monkey skeleton (D:5)
  12 adders
  A white imp (D:7)
  An ufetubus (D:5)
  8 worms
  29 orcs
  4 endoplasms
  5 giant cockroaches
  4 goblins
  5 hobgoblins
  3 quokkas
  7 ball pythons
  13 bats
  8 frilled lizards
  14 kobolds
  4 rats (D:1)
195 creatures vanquished.

Vanquished Creatures (others)
  9 fungi
  3 plants
12 creatures vanquished.

Grand Total: 207 creatures vanquished

Notes
Turn   | Place    | Note
-------+----------+-------------------------------------------
     0 | D:1      | lunkers the Formicid Earth Elementalist began the quest for
                  | the Orb.
     0 | D:1      | Reached XP level 1. HP: 13/13 MP: 3/3
   333 | D:1      | Reached skill level 4 in Earth Magic
   337 | D:1      | Reached XP level 2. HP: 19/19 MP: 1/5
  1057 | D:2      | Reached XP level 3. HP: 24/24 MP: 4/6
  1060 | D:2      | Learned a level 2 spell: Passwall
  1064 | D:2      | Learned a level 3 spell: Stone Arrow
  1456 | D:2      | Noticed Sigmund
  1467 | D:2      | Killed Sigmund
  1468 | D:2      | Reached skill level 5 in Earth Magic
  1468 | D:2      | Reached XP level 4. HP: 11/30 MP: 1/8
  1468 | D:2      | Reached XP level 5. HP: 13/35 MP: 1/9
  1468 | D:2      | Reached XP level 6. HP: 15/41 MP: 1/10
  1844 | D:2      | Found a faded altar of an unknown god.
  1952 | D:2      | You fall into a shaft and drop 1 floor!
  1989 | D:3      | Reached skill level 6 in Earth Magic
  2209 | D:3      | Found a runed translucent door.
  2210 | D:3      | Noticed Crazy Yiuf
  2230 | D:3      | Found Rihiobupt's Weapon Shoppe.
  2471 | D:3      | Found a broken altar of Ashenzari.
  2525 | D:3      | Found Dair Pil's Jewellery Shoppe.
  2527 | D:3      | Found Varir's Magic Scroll Boutique.
  2645 | D:3      | Noticed Ijyb
  2649 | D:3      | Found Etat's Armour Emporium.
  2656 | D:3      | Killed Ijyb
  3430 | D:3      | Found Odeit's Antique Weapon Shoppe.
  3755 | D:3      | Killed Crazy Yiuf
  3756 | D:3      | Reached XP level 7. HP: 46/46 MP: 5/12
  4076 | D:4      | Found a sparkling altar of Nemelex Xobeh.
  4087 | D:4      | Noticed Pikel
  4158 | D:4      | Killed Pikel
  4159 | D:4      | Reached skill level 7 in Earth Magic
  4159 | D:4      | Reached XP level 8. HP: 37/52 MP: 0/14
  4286 | D:4      | Found a snail-covered altar of Cheibriados.
  4288 | D:4      | Noticed Menkaure
  4294 | D:4      | Killed Menkaure
  4295 | D:4      | Reached skill level 8 in Earth Magic
  4633 | D:4      | Noticed Blork the orc
  4637 | D:4      | Killed Blork the orc
  4638 | D:4      | Reached skill level 5 in Conjurations
  4754 | D:4      | Noticed Edmund
  4760 | D:4      | Killed Edmund
  4761 | D:4      | Reached skill level 5 in Spellcasting
  5105 | D:5      | Entered Level 5 of the Dungeon
  5323 | D:5      | Found a staircase to the Ecumenical Temple.
  5337 | Temple   | Entered the Ecumenical Temple
  5593 | Temple   | Became a worshipper of Vehumet
  5688 | D:5      | Found a blossoming altar of Fedhas.
  5691 | D:5      | Found a stormy altar of Qazlal.
  5897 | D:5      | Reached skill level 9 in Earth Magic
  5897 | D:5      | Reached XP level 9. HP: 57/57 MP: 9/16
  6264 | D:6      | Found Xisesefu's Book Shoppe.
  6851 | D:6      | Reached skill level 10 in Earth Magic
  6914 | D:6      | Found a glowing silver altar of Zin.
  6955 | D:6      | Reached * piety under Vehumet
  6955 | D:6      | Offered knowledge of Freeze by Vehumet.
  7091 | D:6      | Found the +7 Singing Sword {vorpal, sonic wave}
  7281 | D:6      | Found an iron altar of Okawaru.
  7431 | D:6      | Noticed a +0 spear
  7431 | D:6      | Noticed a +0 dagger
  7432 | D:6      | Noticed a +0 falchion
  7432 | D:6      | Noticed a +0 short sword
  7433 | D:6      | Noticed a +0 falchion
  7433 | D:6      | Noticed a +0 dagger
  7433 | D:6      | Noticed a +0 short sword
  7434 | D:6      | Noticed a +0 spear
  7448 | D:6      | Found a hide-covered altar of Uskayaw.
  7917 | D:7      | Reached skill level 1 in Fighting
  8081 | D:7      | Reached XP level 10. HP: 66/66 MP: 7/19
  8574 | D:7      | Reached skill level 11 in Earth Magic
  9207 | D:7      | Reached ** piety under Vehumet
  9211 | D:7      | Offered knowledge of Searing Ray by Vehumet.
 10444 | D:8      | Noticed Psyche
 10466 | D:8      | Killed Psyche
 10878 | D:8      | Offered knowledge of Conjure Flame by Vehumet.
 11030 | D:8      | Found an opulent altar of Gozag.
 11333 | D:9      | Noticed Grum
 11344 | D:8      | HP: 1/70 [wolf[Grum] (3)]
 11345 | D:8      | Slain by a wolf

Illustrated notes

Levels and vault maps discovered:
D:1:      dpeg_arrival_snail, layout_basic, minmay_split_cup_small
D:2:      layout_loops_cross, shapermc_ecumenical_altar_mp_urbaneastern,
          uniq_sigmund
D:3:      layout_loops_ring, mainiacjoe_overflow_chevrons, serial_shops, shop,
          shop, nicolae_shop_waterfront, shop, nicolae_shop_stone, uniq_ijyb,
          uniq_crazy_yiuf_cottage
D:4:      layout_loops_ring, amcnicky_altar_gilded,
          mainiacjoe_overflow_boulevard, uniq_pikel, uniq_blork_the_orc,
          uniq_menkaure, uniq_edmund
D:5:      layout_basic, grunt_temple_overflow_forces_of_nature,
          minmay_temple_entry_statues_pillars, nicolae_wormholes
D:6:      old_forge, layout_basic, lemuel_coloured_pillars_altar,
          mainiacjoe_overflow_alcove_2, nicolae_uskayaw_en_pointe, serial_shops,
          shop
D:7:      minmay_razor_zed, layout_basic, minmay_misc_feat_chi
D:8:      layout_basic, mainiacjoe_overflow_brackets, hangedman_decor_slide_cut,
          uniq_psyche
D:9:      layout_long_grid, uniq_maurice, uniq_grum
Temple:   jpeg_temple_alley_garden

Skill      XL: |  1  2  3  4  5  6  7  8  9 10 |
---------------+-------------------------------+-----
Earth Magic    | 4 5 6 7 9 10 11 | 11.7
Spellcasting   | 3 4 5 6 7 |  7.0
Conjurations   | 2 3 4 5 7 8 |  8.3
Dodging        | 2 3 |  3.6
Fighting       | 1 3 |  3.6
Stealth        | |  2.4
Transmutations | |  1.1

Action                   |  1- 3 |  4- 6 |  7- 9 | 10-12 || total
-------------------------+-------+-------+-------+-------++-------
Melee: Unarmed           |     1 |     3 |       |       ||     4
       Staff             |       |       |     9 |    16 ||    25
 Cast: Sandblast         |    44 |    10 |     9 |    12 ||    75
       Stone Arrow       |       |    39 |   107 |   100 ||   246
Evoke: Wand              |     1 |     1 |       |       ||     2
  Use: Scroll            |       |       |    15 |     2 ||    17
 Stab: Paralysed         |     1 |     3 |       |       ||     4
Armor: Robe              |     3 |       |    14 |     9 ||    26
Dodge: Dodged            |     7 |     3 |    23 |    40 ||    73

Table legend: (Time is in decaauts)
 A = Elapsed time spent in this place.
 B = Non-inter-level travel time spent in this place.
 C = Inter-level travel time spent in this place.
 D = Time resting spent in this place.
 E = Time spent auto-exploring this place.
 F = Levels seen in this place.
 G = Mean time per level.
                   A        B        C        D        E       F      G
               +--------+--------+--------+--------+--------+-----+--------+
         Total |  11355 |  11038 |    317 |    935 |   8810 |  10 | 1135.5 |
       Dungeon |  11073 |  10822 |    251 |    935 |   8600 |   9 | 1230.3 |
        Temple |    281 |    215 |     66 |      0 |    210 |   1 |  281.0 |
               +--------+--------+--------+--------+--------+-----+--------+

Top non-repeatable levels by time:
     D:7: 2397 daAuts
     D:6: 1597 daAuts
     D:2: 1372 daAuts
     D:4: 1371 daAuts
     D:3: 1348 daAuts
     D:8: 1180 daAuts
     D:1: 1125 daAuts
     D:5: 670 daAuts
  Temple: 281 daAuts
     D:9: 9 daAuts
